 Dungeon Crawl Stone Soup version 0.25.1-2-g60ff931df9 (webtiles) character file.

Game seed: 10609032379688215671

60 Curus the Chopper (level 3, 0/31 HPs)
             Began as a Minotaur Abyssal Knight on Sept 1, 2020.
             Was a Believer of Lugonu.
             Slain by Terence
             ... wielding a +4 vorpal hand axe
              (1 damage)
             ... on level 2 of the Dungeon.
             The game lasted 00:06:19 (1793 turns).

Curus the Chopper (Minotaur Abyssal Knight)         Turns: 1793, Time: 00:06:20

Health: 0/31       AC:  6    Str: 15 (16) XL:     3   Next: 80%
Magic:  4/4        EV: 10    Int:  7 (9)  God:    Lugonu [**....]
Gold:   128        SH:  0    Dex:  8 (10) Spells: 2/2 levels left

rFire    . . .     SeeInvis .   a - +1 hand axe
rCold    . . .     Gourm    .   (no shield)
rNeg     . . .     Faith    .   i - +0 ring mail
rPois    .         Spirit   .   (helmet restricted)
rElec    .         Reflect  .   (no cloak)
rCorr    .         Harm     .   (no gloves)
MR       .....                  h - +0 pair of boots
Stlth    ..........             (no amulet)
HPRegen  0.10/turn              (no ring)
MPRegen  0.09/turn              (no ring)

@: hasted, very quick
A: retaliatory headbutt, horns 2
a: Depart the Abyss, Bend Space, Renounce Religion


You were on level 2 of the Dungeon.
You worshipped Lugonu.
Lugonu was pleased with you.
You were not hungry.

You visited 1 branch of the dungeon, and saw 3 of its levels.
You visited the Abyss 1 time.

You collected 128 gold pieces.

Inventory:

Hand Weapons
 a - a +1 hand axe (weapon)
Armour
 b - a +0 leather armour
 h - a +0 pair of boots (worn)
 i - a +0 ring mail (worn)
Scrolls
 g - 3 scrolls of identify
 k - a scroll of fog
 l - a scroll of remove curse
Potions
 e - a potion of curing
 j - a potion of degeneration
Comestibles
 c - 5 rations
 d - 4 chunks of flesh


   Skills:
 - Level 3.6 Fighting
 + Level 3.9 Axes
 - Level 2.4 Armour
 - Level 1.1 Dodging
 + Level 3.1 Invocations


You had 2 spell levels left.
You didn't know any spells.
Your spell library was empty.

Dungeon Overview and Level Annotations

Branches:
Dungeon (3/15)

Altars:

Annotations:
D:2 Terence


Innate Abilities, Weirdness & Mutations

You reflexively headbutt those who attack you in melee.
You have a pair of horns on your head.


Message History

You barely miss Terence. You headbutt Terence, but do no damage.
Terence is heavily wounded.
Terence hits you but does no damage.
You hit Terence.
Terence is severely wounded.
You barely miss Terence. Your headbutt misses Terence.
Terence is severely wounded.
Terence drinks a potion.
Terence is healed!
You hit Terence but do no damage. Your headbutt misses Terence.
Terence barely misses you. You furiously retaliate!
You headbutt Terence. You hit Terence.
Terence is lightly wounded.
You hit Terence but do no damage. You headbutt Terence.
Terence is moderately wounded.
Terence hits you but does no damage.
You hit Terence.
Terence is moderately wounded.
Terence hits you with a +4 vorpal hand axe.
* * * LOW HITPOINT WARNING * * *
You die...

#.#
#....÷#.#.###+###.....#
#.# #.........#
#.###.....' #.#
#....##.#####....)....#
#.# #.......#
#..........#
#.#####....####
#.###.####.#
#....##....# #.#
#.#.##.# #....####..#
#.###.<.##.# #....##
#..#### #.##....#..#
#.....# #.>@@.#
#.##.......#
##....###.###.#
#.##..####.# #........#
#.# #.÷........#
############.#
###....##### #...#
#....#....
###.########....#[...
#...[........##.#####
#.#...#.###.....# #..
#.#####.# #.##### #.#


You could see Terence.

Vanquished Creatures
  An adder (D:2)
  2 worms (D:2)
  A dart slug (D:1)
  A leopard gecko (D:2)
  A ball python (D:1)
  3 giant cockroaches
  4 goblins
  4 hobgoblins
  2 quokkas
  6 bats
  5 frilled lizards
  3 kobolds (D:1)
  9 rats
42 creatures vanquished.

Notes
Turn   | Place    | Note
-------+----------+-------------------------------------------
     0 | Abyss:1  | Curus the Minotaur Abyssal Knight began the quest for the
                  | Orb.
     0 | Abyss:1  | Reached XP level 1. HP: 19/19 MP: 1/1
    13 | D:1      | Escaped the Abyss
   284 | D:1      | Reached XP level 2. HP: 26/26 MP: 2/2
   746 | D:1      | Reached ** piety under Lugonu
  1030 | D:2      | Reached XP level 3. HP: 31/31 MP: 4/4
  1771 | D:3      | Noticed Terence
  1793 | D:2      | HP: 1/31 [Terence/+4 vorpal hand axe (5)]
  1793 | D:2      | Slain by Terence

Illustrated notes

Levels and vault maps discovered:
D:1:      ncdulo_halloftheorcs, layout_basic, minmay_tripent
D:2:      layout_basic
D:3:      layout_rooms, first_ration, tgw_kikubaaqudgha, uniq_jessica,
          uniq_terence, uniq_sigmund

Skill      XL: |  1  2  3 |
---------------+----------+-----
Invocations    | 2 3 |  3.1
Axes           | 3 |  3.9
Fighting       | |  3.6
Armour         | |  2.4
Dodging        | |  1.1

Action                   || total
-------------------------++-------
Melee: Hand axe          ||   116
       Headbutt          ||    18
  Use: Potion            ||     7
       Scroll            ||     3
  Eat: Chunk             ||     3
Armor: Leather armour    ||     7
       Ring mail         ||    19
Dodge: Dodged            ||    39
